[Event "Sunway Sitges Chess Festival"]
[Date "2024.12.21"]
[White "Banerjee, Supratit"]
[Black "Naoum, Spyridon"]
[WhiteElo "2116"]
[BlackElo "2338"]
[Round "4.32"]
[Result "1/2-1/2"]
[TimeControl "40/5400+30:1800+30"]

1. e4 c5 2. Nf3 d6 3. d4 cxd4 4. Nxd4 Nf6 5. Nc3 Nc6 6. Bc4 e6 7. Be3 a6 8. Qe2 Bd7 9. O-O-O b5 10. Bb3 Na5 11. f3 h5 12. Bg5 Be7 13. f4 Rc8 14. e5 dxe5 15. Bxf6 gxf6 16. fxe5 Nxb3+ 17. Nxb3 f5 18. Rd4 Qc7 19. Rhd1 Bc6 20. a3 Kf8 21. Kb1 Be8 22. Rd6 a5 23. Nd4 Bxd6 24. Ncxb5 Qc4 25. Qxc4 Rxc4 26. Nxd6 Rc5 27. Nf3 Rg8 28. b4 axb4 29. axb4 Rc7 30. Rd2 Bc6 31. c4 Rg4 32. b5 Bxf3 33. gxf3 Rgxc4 34. Nxc4 Rxc4 35. b6 Rc8 36. b7 Rb8 37. Rd7 Kg7 38. f4 Kg6 39. Kc2 f6 40. exf6 Kxf6 41. Kd3 e5 42. fxe5+ Kxe5 43. Ke3 h4 44. Kf3 Ke6 45. Rh7 Ke5 46. h3 Kd6 47. Kf4 Kc6 48. Kxf5 Rxb7 49. Rxh4 Kd5 50. Rg4 Rb1 51. h4 Rh1 52. Ra4 Kd6 53. Kf6 Kd7 54. Re4 Rf1+ 55. Kg6 Rg1+ 56. Kh6 Kd6 57. h5 Kd7 58. Kh7 Rg2 59. Re5 Rg1 60. Kh6 Rg2 61. Kh7 Rg1 62. h6 Rg2 63. Ra5 Ke7 64. Kh8 Kf7 65. Ra7+ Kf8 66. Rg7 Rh2 67. Kh7 Rh3 68. Rg1 Rh2 69. Ra1 Rg2 70. Ra8+ Kf7 71. Kh8 Rh2 72. Ra7+ Kf8 73. h7 Rf2 74. Rb7 Rf1 75. Ra7 1/2-1/2

[Variant "Standard"]
[Site "Europe Echecs"]

[Event "Sunway Sitges Chess Festival"]
[Date "2024.12.21"]
[White "Alinasab, Mobina"]
[Black "Srijak Sengupta"]
[WhiteElo "2330"]
[BlackElo "2112"]
[Round "4.33"]
[Result "1-0"]
[TimeControl "40/5400+30:1800+30"]

1. e4 c5 2. Nf3 e6 3. d4 cxd4 4. Nxd4 Nc6 5. Nc3 Qc7 6. Be3 a6 7. Qf3 Bb4 8. Nxc6 dxc6 9. Bd4 f6 10. O-O-O c5 11. Be3 Bxc3 12. bxc3 g6 13. Qg3 e5 14. Bc4 Bd7 15. f4 Ne7 16. fxe5 Qxe5 17. Bf4 Qxe4 18. Bd5 Qa4 19. Rhe1 Bf5 20. Bb3 Qa3+ 21. Kb1 Rd8 22. Rxe7+ 1-0

[Variant "Standard"]
[Site "Europe Echecs"]

[Event "Sunway Sitges Chess Festival"]
[Date "2024.12.21"]
[White "Mizzi, Jack"]
[Black "Lacasa Diaz, Josep Anton"]
[WhiteElo "2097"]
[BlackElo "2324"]
[Round "4.34"]
[Result "1/2-1/2"]
[TimeControl "40/5400+30:1800+30"]

1. d4 d5 2. Nf3 c5 3. c4 e6 4. cxd5 exd5 5. g3 Nf6 6. Bg2 Be7 7. O-O O-O 8. dxc5 Bxc5 9. Nc3 h6 10. a3 a5 11. Qc2 Nc6 12. Rd1 d4 13. Na4 Ba7 14. Nc5 Qe7 15. Nd3 Bf5 16. Re1 Rfe8 17. Bf4 g5 18. Bd2 Ne4 19. Rac1 Rac8 20. Qd1 Qf6 21. h4 Rcd8 22. hxg5 hxg5 23. Rxc6 bxc6 24. Bxa5 Rd7 25. Bd2 Rde7 26. Qc1 c5 27. b3 Qg6 28. Kf1 Qh5 29. Bxg5 Nxg5 30. Nf4 Qh6 31. Nd5 Rxe2 32. Rxe2 Bd3 33. Nxg5 Rxe2 34. Kg1 f6 35. Nf4 Qxg5 36. Nxe2 Bxe2 37. Qe1 d3 38. Qa5 Qc1+ 39. Kh2 Qh6+ 40. Kg1 Qc1+ 41. Kh2 Qh6+ 42. Kg1 Qf8 43. Bd5+ Kh8 44. Bc4 Qe7 45. Qa6 Kg7 46. Qc8 Kh6 47. Qh8+ Kg6 48. Qg8+ Kf5 49. Qd5+ Kg6 50. Qg8+ Kf5 51. Qd5+ Kg6 1/2-1/2

[Variant "Standard"]
[Site "Europe Echecs"]

[Event "Sunway Sitges Chess Festival"]
[Date "2024.12.21"]
[White "Ghazaryan, Raffi"]
[Black "Domingo Nunez, Alejandro"]
[WhiteElo "2097"]
[BlackElo "2318"]
[Round "4.35"]
[Result "0-1"]
[TimeControl "40/5400+30:1800+30"]

1. e4 c5 2. Nf3 Nc6 3. Bb5 g6 4. Bxc6 bxc6 5. d4 cxd4 6. Qxd4 f6 7. c4 d6 8. O-O Nh6 9. Nc3 c5 10. Qd3 Nf7 11. b3 Bg7 12. Bb2 O-O 13. Rad1 Bb7 14. Nd5 e6 15. Nc3 Qe7 16. Rfe1 Rad8 17. h3 Rfe8 18. Qb1 Qf8 19. Nd2 f5 20. exf5 gxf5 21. Nb5 Rd7 22. Nf1 a6 23. Nc3 Be5 24. Ne3 Nh6 25. Ne2 Rg7 26. f4 Rxg2+ 27. Nxg2 Qg7 28. Ng3 Qxg3 29. Rd5 exd5 30. fxe5 d4 31. Qc2 dxe5 32. Bc1 Re6 33. Qf2 Qxh3 34. Nf4 Qh1# 0-1

[Variant "Standard"]
[Site "Europe Echecs"]

[Event "Sunway Sitges Chess Festival"]
[Date "2024.12.21"]
[White "Adarsh D"]
[Black "Rice, Lana"]
[WhiteElo "1987"]
[BlackElo "1473"]
[Round "4.36"]
[Result "1-0"]
[TimeControl "40/5400+30:1800+30"]

1. e4 c5 2. Nf3 e6 3. d4 cxd4 4. Nxd4 a6 5. Be3 Qc7 6. Be2 Nf6 7. Bf3 Bb4+ 8. c3 Bc5 9. O-O d6 10. Re1 O-O 11. Nd2 Nbd7 12. Rc1 Ne5 13. Be2 b5 14. f4 Nc6 15. Bf3 Bb7 16. Kh1 Rac8 17. a4 Qb6 18. axb5 axb5 19. N2b3 Rfd8 20. Qe2 Nxd4 21. Bxd4 Bxd4 22. Nxd4 b4 23. Red1 bxc3 24. bxc3 Ba6 25. Qe1 Nd7 26. Qg3 Nc5 27. f5 e5 28. f6 g6 29. Nf5 Kh8 30. Ne7 Rb8 31. Qh4 Nd3 32. Rc2 Nf4 33. Qh6 Ne6 34. Bg4 Qb1 35. Rxb1 Rxb1+ 36. Rc1 Rxc1+ 37. Qxc1 g5 38. Bxe6 fxe6 39. Qxg5 Rg8 40. Qxg8# 1-0

[Variant "Standard"]
[Site "Europe Echecs"]

[Event "Sunway Sitges Chess Festival"]
[Date "2024.12.21"]
[White "Pisan, Kai"]
[Black "Chia, Zhi Kai Aaron"]
[WhiteElo "1972"]
[BlackElo "1615"]
[Round "4.37"]
[Result "1/2-1/2"]
[TimeControl "40/5400+30:1800+30"]

1. c4 c6 2. g3 d5 3. Nf3 Nf6 4. Bg2 Bf5 5. Qb3 Qb6 6. d3 Qxb3 7. axb3 e6 8. Be3 a6 9. Bd4 Nbd7 10. Bc3 h6 11. Nbd2 Be7 12. b4 O-O 13. O-O Bh7 14. b3 Rfd8 15. Rfd1 Bf8 16. Nf1 g5 17. h3 Bg7 18. g4 Re8 19. Rac1 e5 20. Ng3 Rad8 21. e3 Kf8 22. Ne1 Rc8 23. e4 d4 24. Bd2 Kg8 25. Nc2 Nb6 26. Na3 Bf8 27. Re1 Na8 28. c5 Nc7 29. Nc4 Nb5 30. Bf3 Nd7 31. Kg2 Be7 32. Rh1 Kg7 33. Rce1 Rb8 34. Re2 Bg6 35. Rhe1 Bf6 36. Nf5+ Bxf5 37. exf5 Re7 38. Rc1 Ree8 39. Ree1 Rbd8 40. Ra1 Ra8 41. Na5 Rab8 42. Rec1 Na7 43. Nc4 Nb5 44. Na5 Na7 45. Be4 Rh8 46. Rh1 Rh7 47. Kg3 Rhh8 48. Be1 h5 49. Bd2 h4+ 1/2-1/2

[Variant "Standard"]
[Site "Europe Echecs"]

[Event "Sunway Sitges Chess Festival"]
[Date "2024.12.21"]
[White "Turmel, Fabien"]
[Black "Barkasheva, Sofia"]
[WhiteElo "1876"]
[BlackElo "1653"]
[Round "4.38"]
[Result "1/2-1/2"]
[TimeControl "40/5400+30:1800+30"]

1. c4 c6 2. Nf3 d5 3. e3 Nf6 4. Nc3 e6 5. b3 Bd6 6. Bb2 O-O 7. Qc2 Nbd7 8. Be2 Re8 9. O-O dxc4 10. bxc4 e5 11. Ng5 Nf8 12. Nge4 Nxe4 13. Nxe4 Bc7 14. Qc3 f5 15. Ng3 Ba5 16. Qb3 Qxd2 17. c5+ Be6 18. Bc4 Kh8 19. Bxe6 Nxe6 20. Nxf5 Nxc5 21. Qf7 Qd7 22. Qxd7 Nxd7 23. Rad1 Nf6 24. Nd6 Re7 25. Bxe5 Kg8 26. Bd4 Bb6 27. Nf5 Re6 28. Bb2 Bc5 29. Rd3 Kf7 30. Rc1 b6 31. g4 Re4 32. h3 Ra4 33. a3 Rg8 34. g5 Nd5 35. Nd4 Rc8 36. Nb3 Bxa3 37. Ra1 Nb4 38. Rd7+ Ke6 39. Rxg7 Nc2 40. Nd4+ Nxd4 41. exd4 Bxb2 42. Rxa4 a5 43.
Rxh7 Bc3 44. Rc4 Bb2 45. h4 b5 46. Rc5 Bxd4 47. Rh6+ Kd7 48. Rf5 Kc7 49. g6 a4 50. Rh7+ Kb6 51. Rd7 Bc3 52. Rff7 Rh8 53. g7 Bxg7 54. Rxg7 Rxh4 55. Ra7 Rb4 56. Rab7+ Ka5 57. Ra7+ Kb6 58. Rab7+ Ka5 59. Ra7+ Kb6 1/2-1/2

[Variant "Standard"]
[Site "Europe Echecs"]

[Event "Sunway Sitges Chess Festival"]
[Date "2024.12.21"]
[White "Schulman, Julia"]
[Black "Delgado Montanes, Jose Antonio"]
[WhiteElo "1852"]
[BlackElo "1988"]
[Round "4.39"]
[Result "1/2-1/2"]
[TimeControl "40/5400+30:1800+30"]

1. e4 c5 2. Nf3 g6 3. c3 Bg7 4. d4 cxd4 5. cxd4 d5 6. e5 Nh6 7. Bd3 Nc6 8. h3 O-O 9. Nc3 f6 10. exf6 exf6 11. O-O Nf5 12. Bb1 Be6 13. Ne2 Qd7 14. Nf4 Bf7 15. a3 Rfe8 16. b4 a6 17. Bxf5 Qxf5 18. Nd3 g5 19. Be3 Re7 20. Rc1 Rae8 21. Nc5 Nd8 22. Rc3 h5 23. Nh2 Ne6 24. Nd3 Nf8 25. Nc5 Qg6 26. Qd2 Bh6 27. f4 g4 28. hxg4 hxg4 29. g3 f5 30. Re1 Bg7 31. Nd3 Qb6 32. Ne5 Be6 33. Rec1 Nh7 34. Ng6 Rf7 35. Ne5 Rfe7 36. Ng6 Rf7 37. Ne5 Rfe7 1/2-1/2

[Variant "Standard"]
[Site "Europe Echecs"]

[Event "Sunway Sitges Chess Festival"]
[Date "2024.12.21"]
[White "Vargas Drechsler, Carlos"]
[Black "Koridze, Lile"]
[WhiteElo "1929"]
[BlackElo "2107"]
[Round "4.40"]
[Result "0-1"]
[TimeControl "40/5400+30:1800+30"]

1. Nf3 Nf6 2. c4 e6 3. g3 d5 4. d4 Bb4+ 5. Nbd2 O-O 6. a3 Bxd2+ 7. Bxd2 b6 8. Bg2 Bb7 9. cxd5 Bxd5 10. O-O Nbd7 11. Rc1 c5 12. dxc5 Nxc5 13. Bb4 Rc8 14. Bxc5 bxc5 15. Ne5 Qb6 16. Bxd5 exd5 17. Qc2 Rfe8 18. Nd3 c4 19. Nf4 Rb8 20. Rb1 Qd6 21. Rfd1 Qe5 22. e3 h6 23. Ne2 Re6 24. Nd4 Reb6 25. Qa4 Rxb2 26. Nc6 Qe8 27.
Rbc1 R2b6 0-1

[Variant "Standard"]
[Site "Europe Echecs"]

[Event "Sunway Sitges Chess Festival"]
[Date "2024.12.21"]
[White "Goh, Jinghan Cameron"]
[Black "Nalbandyan, Vahan"]
[WhiteElo "2021"]
[BlackElo "2197"]
[Round "4.41"]
[Result "0-1"]
[TimeControl "40/5400+30:1800+30"]

1. d4 Nf6 2. c4 g6 3. g3 Bg7 4. Bg2 d6 5. Nf3 O-O 6. Nc3 Nbd7 7. O-O e5 8. e4 exd4 9. Nxd4 Re8 10. h3 Nc5 11. Re1 a5 12. Ndb5 Bd7 13. Bf4 Bxb5 14. cxb5 Nfd7 15. Qc2 h5 16. Be3 h4 17. g4 a4 18. Rad1 g5 19. Rf1 Ne6 20. f4 gxf4 21. Bxf4 Nxf4 22. Rxf4 a3 23. e5 Nxe5 24. Bxb7 axb2 25. Bd5 c6 26. bxc6 Qb6+ 27. Qf2 Qxf2+ 28. Rxf2 Rec8 29. Nb5 Rxc6 30. Rff1 Ra5 31. Bxc6 Nxc6 32. Nxd6 Rxa2 33. Nc4 Nd4 34.
Rf2 Ne6 35. Nxb2 Rxb2 36. Rxb2 Bxb2 37.
Rb1 Be5 38. Rb3 Kg7 39. Rf3 Kg6 40. Rf5 Bg3 41. Kg2 Nf4+ 42. Kf3 Nxh3 43. Rh5 Ng5+ 44. Kg2 f6 45. Rh8 Kg7 46. Rh5 Nf7 47. Kh3 Kg6 48. Rf5 Ne5 49. Rf1 Nd3 50. Kg2 Nf2 51. Kf3 Kg5 52. Ra1 Nxg4 53. Ra8 Ne5+ 54. Kg2 f5 55. Rg8+ Kf4 56. Rf8 Ng4 0-1

[Variant "Standard"]
[Site "Europe Echecs"]

[Event "Sunway Sitges Chess Festival"]
[Date "2024.12.21"]
[White "Skutta, Bernd, Dr."]
[Black "Sayce, Hannah"]
[WhiteElo "1948"]
[BlackElo "1821"]
[Round "4.42"]
[Result "1/2-1/2"]
[TimeControl "40/5400+30:1800+30"]

1. d4 Nf6 2. Nf3 d5 3. g3 e6 4. Bg2 c5 5. O-O Nc6 6. c4 dxc4 7. Qa4 Nd7 8. dxc5 Bxc5 9. Qxc4 O-O 10. Nc3 Be7 11. Rd1 Qa5 12. Bf4 e5 13. Bg5 Nb6 14. Qb5 f6 15. Qb3+ Kh8 16. Be3 Bg4 17. Nh4 Qb4 18. Qxb4 Bxb4 19. h3 Bxc3 20. hxg4 Bxb2 21. Rab1 Bd4 22. Bxc6 Bxe3 23. Bxb7 Rab8 24. Ba6 Bg5 25. e3 Rbd8 26. Nf5 g6 27. Nd6 Rd7 28. Bb5 Re7 29. a4 Nc8 30. Rbc1 Nxd6 31. Rxd6 f5 32. gxf5 Rxf5 33. Bd7 Rf8 34. Be6 Kg7 35. Kg2 Rb7 36. Rc2 Re7 1/2-1/2

[Variant "Standard"]
[Site "Europe Echecs"]

[Event "Sunway Sitges Chess Festival"]
[Date "2024.12.21"]
[White "Anwesh, Upadhyaya"]
[Black "Gorshtein, Ido"]
[WhiteElo "2379"]
[BlackElo "2422"]
[Round "5.1"]
[Result "1/2-1/2"]
[TimeControl "40/5400+30:1800+30"]

1. d4 Nf6 2. c4 e6 3. Nf3 d5 4. Nc3 c6 5. Bg5 h6 6. Bh4 dxc4 7. e4 g5 8. Bg3 b5 9. Be2 Bb7 10. e5 Nd5 11. Nd2 Nd7 12. O-O Qb6 13. Nde4 O-O-O 14. a4 a6 15. Qd2 c5 16. axb5 axb5 17. Nxd5 Bxd5 18. Nc3 Bb7 19. d5 Bg7 20. b3 Bxe5 21. bxc4 b4 22. Nb5 exd5 23. Bg4 Rhe8 24. Ra7 h5 25. Bf5 h4 26. Bxe5 Rxe5 27. Qxg5 Rxf5 28. Qxf5 dxc4 29. Rfa1 Qxb5 30. Ra8+ Bxa8 31.
Rxa8+ Qb8 32. Rxb8+ Kxb8 33. Qf4+ Kb7 34. Qxc4 Nb6 35. Qxf7+ Rd7 36. Qf3+ Ka6 37. Qe2+ c4 38. f4 b3 39. f5 Rf7 40.
Qe5 Rd7 41. Qe2 Rd6 42. g4 hxg3 43.
hxg3 Rc6 1/2-1/2

[Variant "Standard"]
[Site "Europe Echecs"]

[Event "Sunway Sitges Chess Festival"]
[Date "2024.12.21"]
[White "Song, Edward"]
[Black "Tin, Jingyao"]
[WhiteElo "2363"]
[BlackElo "2480"]
[Round "5.2"]
[Result "1/2-1/2"]
[TimeControl "40/5400+30:1800+30"]

1. e4 c6 2. Nf3 d5 3. Nc3 Bg4 4. h3 Bxf3 5. Qxf3 e6 6. Be2 Bc5 7. O-O Ne7 8. Na4 Bd6 9. d4 dxe4 10. Qxe4 Qa5 11. Nc3 Nd5 12. Nxd5 cxd5 13. Qg4 g6 14. c4 O-O 15. cxd5 Qxd5 16. Bf3 Qb5 17. Bh6 Re8 18. a4 Qb4 19. d5 Qxg4 20. hxg4 e5 21. Rac1 Nd7 22. Be3 f6 23. Rc2 Rec8 24. Rfc1 Rxc2 25. Rxc2 Nb6 26. a5 Rc8 27. Be4 Rxc2 28. Bxc2 Nc4 29. Bxa7 Nxb2 30. Bb3 Kf8 31. Kf1 Nd3 32. Bc4 Bc5 33. Bxd3 1/2-1/2

[Variant "Standard"]
[Site "Europe Echecs"]

[Event "Sunway Sitges Chess Festival"]
[Date "2024.12.21"]
[White "Maurizzi, Marc`Andria"]
[Black "Dudognon, Thibault"]
[WhiteElo "2477"]
[BlackElo "2411"]
[Round "5.3"]
[Result "1-0"]
[TimeControl "40/5400+30:1800+30"]

1. e4 c5 2. Nf3 d6 3. Bb5+ Nd7 4. O-O a6 5. Bxd7+ Bxd7 6. c3 Nf6 7. Re1 e6 8. d4 cxd4 9. cxd4 d5 10. e5 Ne4 11. Nfd2 f5 12. exf6 Nxf6 13. Nf3 Bd6 14. Ne5 O-O 15. Bg5 Qe8 16. Nc3 Bxe5 17. Rxe5 Qf7 18. f3 h6 19. Bh4 Rac8 20. Qd2 Rc4 21. a4 b6 22. a5 b5 23. Na2 Rfc8 24. Nb4 Qg6 25. Bf2 Nh5 26. Nxa6 Rc2 27. Qe3 Rxf2 28. Qxf2 Rc2 29. Re2 Nf4 30. Rxc2 Nh3+ 31. Kh1 Nxf2+ 32. Rxf2 Qd3 33. Nc5 Qxd4 34. Rc2 Bc6 35. Nb3 Qa7 36. Rxc6 e5 37. a6 e4 38. fxe4 dxe4 39. Rc7 1-0

[Variant "Standard"]
[Site "Europe Echecs"]

[Event "Sunway Sitges Chess Festival"]
[Date "2024.12.21"]
[White "Li, Di"]
[Black "Xu, Minghui"]
[WhiteElo "2440"]
[BlackElo "2405"]
[Round "5.4"]
[Result "1/2-1/2"]
[TimeControl "40/5400+30:1800+30"]

1. e4 e5 2. Nf3 Nc6 3. Bb5 a6 4. Ba4 Nf6 5. O-O Nxe4 6. d4 b5 7. Bb3 d5 8. dxe5 Be6 9. Qe2 Be7 10. Rd1 O-O 11. c4 bxc4 12. Bxc4 Bc5 13. Be3 Bxe3 14. Qxe3 Qb8 15. Bb3 Na5 16. Nd4 c5 17. Nxe6 fxe6 18. f3 c4 19. fxe4 cxb3 20. exd5 bxa2 21. Rxa2 Nc4 22. Qd4 Qb3 23. Nc3 Rac8 24. Rb1 Ne3 25. Qxe3 Rxc3 26. Qxc3 Qxa2 27. Rd1 exd5 28.
Qd4 Qc4 29. Qxd5+ Qxd5 30. Rxd5 Re8 31.
Kf2 Rb8 32. Kf3 Rb3+ 33. Kf4 Rxb2 34.
Rd8+ Kf7 35. Rd7+ Kg6 36. Rd6+ Kf7 37.
Rd7+ Kg6 38. Rd6+ Kf7 39. Rd7+ Kg6 40.
Rd6+ 1/2-1/2

[Variant "Standard"]
[Site "Europe Echecs"]

[Event "Sunway Sitges Chess Festival"]
[Date "2024.12.21"]
[White "Siddharth, Jagadeesh"]
[Black "Diaz Rosas, Julio Cesar"]
[WhiteElo "2510"]
[BlackElo "2401"]
[Round "5.5"]
[Result "1/2-1/2"]
[TimeControl "40/5400+30:1800+30"]

1. e4 c5 2. Nf3 Nc6 3. d4 cxd4 4. Nxd4 Nf6 5. Nc3 e5 6. Ndb5 d6 7. Nd5 Nxd5 8. exd5 Ne7 9. a4 a6 10. Nc3 Ng6 11. g3 Be7 12. h4 O-O 13. h5 Nh8 14. h6 g6 15. Be3 Bg5 16. Bxg5 Qxg5 17. Ne4 Qe7 18. Qd2 Bf5 19. f3 f6 20. a5 Nf7 21. O-O-O Rac8 22. Bd3 Bd7 23. g4 Ng5 24. Nxg5 fxg5 25. Qb4 Bb5 26. Bxb5 Rf4 27. Qb3 axb5 28. Qxb5 Rc5 29. Qb6 Ra4 30. c3 Raxa5 31. Rhe1 Qd7 32. Re4 Rab5 33. Qa7 Ra5 34. Qb6 Rab5 35. Qa7 Ra5 1/2-1/2

[Variant "Standard"]
[Site "Europe Echecs"]

[Event "Sunway Sitges Chess Festival"]
[Date "2024.12.21"]
[White "Vetokhin, Savva"]
[Black "Hess, Max"]
[WhiteElo "2502"]
[BlackElo "2385"]
[Round "5.6"]
[Result "1/2-1/2"]
[TimeControl "40/5400+30:1800+30"]

1. d4 Nf6 2. c4 e6 3. Nc3 d5 4. cxd5 exd5 5. Bg5 c6 6. e3 h6 7. Bh4 Be7 8. Bd3 O-O 9. Bg3 Re8 10. Nf3 Bg4 11. O-O Bd6 12. Qb3 Bxg3 13. hxg3 Qb6 14. Qc2 Nbd7 15. Rab1 a5 16. a3 Qd8 17. Rfe1 Re7 18. Nd2 Be6 19. b4 axb4 20. axb4 Nb6 21. b5 Nc4 22. Bxc4 dxc4 23. bxc6 bxc6 24. Na4 Bf5 25. Qxf5 Rxa4 26. Qc2 Rea7 27. Nxc4 Ra2 28. Rb2 Ra1 29. Reb1 Nd7 30. Kh2 g6 31. Ne5 Rxb1 32. Qxb1 Qf6 33. Rb8+ Kh7 34. Nxd7 Rxd7 35. Qe4 Qg5 36. Qf3 Kg7 37. Re8 Rd5 38. g4 c5 39. Qe4 cxd4 40. exd4 Qh4+ 41. Kg1 Ra5 42. Qe1 Rb5 43. Re5 Rb2 44. Re4 h5 45. g3 Qg5 46. gxh5 Qxh5 47. d5 Qf5 48. d6 Rb6 49. Rd4 Qf6 50. Qd2 Qf3 51. Qc1 Rb8 52. d7 Rh8 53. Rh4 Rxh4 54. Qb2+ Kh7 55. Qh8+ Kxh8 56. d8=Q+ Kg7 57. Qxh4 1/2-1/2

[Variant "Standard"]
[Site "Europe Echecs"]

[Event "Sunway Sitges Chess Festival"]
[Date "2024.12.21"]
[White "Sofronie, Iulian"]
[Black "Ilamparthi A R"]
[WhiteElo "2368"]
[BlackElo "2391"]
[Round "5.7"]
[Result "1-0"]
[TimeControl "40/5400+30:1800+30"]

1. d4 f5 2. Bf4 Nf6 3. e3 d6 4. Nc3 e6 5. h3 Nc6 6. Nf3 g6 7. Bd3 Bg7 8. g4 Qe7 9. gxf5 exf5 10. Qe2 Bd7 11. O-O-O O-O-O 12. Bb5 a6 13. Bxa6 bxa6 14. Qxa6+ Kb8 15. d5 Na7 16. Rd4 Ka8 17. Rc4 Ne8 18. Bg5 Bf6 19. Bxf6 Qxf6 20. Nd4 Rb8 21. Nc6 Bxc6 22. dxc6 Rb6 23. Qa3 Qd8 24. Nd5 Qc8 25. Ra4 Qb8 26. Qc3 Rf8 27. Rd1 Rf7 28. Rd3 f4 29. e4 Rb5 30. Qd4 1-0

[Variant "Standard"]
[Site "Europe Echecs"]

[Event "Sunway Sitges Chess Festival"]
[Date "2024.12.21"]
[White "Shamatava, Nikolozi"]
[Black "Raczek, Krzysztof"]
[WhiteElo "2334"]
[BlackElo "2443"]
[Round "5.8"]
[Result "0-1"]
[TimeControl "40/5400+30:1800+30"]

1. d4 Nf6 2. Nf3 d5 3. Bf4 c5 4. e3 Nc6 5. c3 Qb6 6. Qc1 Bf5 7. Nbd2 e6 8. Be2 cxd4 9. exd4 Rc8 10. O-O Be7 11. h3 O-O 12. Rd1 Bg6 13. Nf1 Ne4 14. Ne3 Qd8 15. Ng4 f6 16. Bf1 h5 17. Ne3 Bh7 18. Bh2 f5 19. Bd3 f4 20. Nc2 g5 21. Nd2 g4 22. hxg4 hxg4 23. Nxe4 dxe4 24. Be2 g3 25. fxg3 f3 26. Bc4 Bg5 27. Ne3 Qf6 28. Ng4 Qg7 29. Qc2 Nd8 30. Qb3 f2+ 31. Kf1 e3 32. Ne5 Rxc4 33. Qxc4 Qh6 34. Ng4 Qh5 35. Qe2 Kh8 36. d5 e5 37. Qc4 Bf5 38. Nxe5 Qxh2 39. Nf3 Qh1+ 40. Ke2 f1=Q+ 41. Rxf1 Qxg2+ 42. Ke1 Bh3 43.
Qd4+ Kg8 0-1

[Variant "Standard"]
[Site "Europe Echecs"]

[Event "Sunway Sitges Chess Festival"]
[Date "2024.12.21"]
[White "Brzezina, Piotr"]
[Black "Ivanchuk, Vasyl"]
[WhiteElo "2274"]
[BlackElo "2630"]
[Round "5.9"]
[Result "0-1"]
[TimeControl "40/5400+30:1800+30"]

1. e4 c5 2. Nf3 d6 3. d4 cxd4 4. Nxd4 Nf6 5. Nc3 Nc6 6. Bg5 e6 7. Qd3 Be7 8. O-O-O Nxd4 9. Qxd4 a6 10. Bxf6 Bxf6 11. Qxd6 Qxd6 12. Rxd6 Bd7 13. Rd1 Rc8 14. Ne2 Ke7 15. Ng3 h5 16. Bd3 h4 17. Ne2 g5 18. f3 b5 19. Kb1 a5 20. g3 b4 21. f4 e5 22. f5 g4 23. Rdg1 Bc6 24. h3 Rcg8 25. gxh4 Rxh4 26. hxg4 Rxh1 27. Rxh1 Rxg4 28. Rg1 Rh4 29. Ng3 Bg5 30. a3 bxa3 31. bxa3 f6 32. Ka2 Kd6 33. Re1 Kc5 34. Kb3 Rh3 35. Nf1 Kd4 36. Kb2 Rf3 37. Rd1 Kc5 38. Re1 a4 39. Rd1 Rf4 40. Nd2 Kd4 41. Nc4 Bxe4 42. Bxe4+ Kxe4 43. Nd6+ Ke3 44. Kc3 Rg4 45. Re1+ Kf3 46. Nc4 e4 47. Kd4 e3+ 48. Kd3 e2 49. Nd6 Be3 50. Nb5 Rg1 51. Rxe2 Rd1+ 52. Kc4 Kxe2 53. Nc3+ Kd2 54. Nxd1 Kxd1 55. c3 Kc2 0-1

[Variant "Standard"]
[Site "Europe Echecs"]

[Event "Sunway Sitges Chess Festival"]
[Date "2024.12.21"]
[White "Arfan, Aditya Bagus"]
[Black "Aloma Vidal, Robert"]
[WhiteElo "2416"]
[BlackElo "2398"]
[Round "5.10"]
[Result "0-1"]
[TimeControl "40/5400+30:1800+30"]

1. e4 c5 2. Nf3 g6 3. d4 cxd4 4. Nxd4 Bg7 5. c4 Qb6 6. Nb3 d6 7. Be3 Qd8 8. Qd2 Nf6 9. f3 a5 10. Nc3 a4 11. Nd4 Nc6 12. Ndb5 O-O 13. Be2 Bd7 14. O-O Qa5 15. Rac1 Rfc8 16. f4 Bg4 17. Rfd1 Qb4 18. h3 Be6 19. a3 Qb3 20. c5 dxc5 21. Bxc5 Rd8 22. Qe1 Qxb2 23. Rb1 Qc2 24. Rdc1 Qd2 25. Qxd2 Rxd2 26. Nc7 Rc8 27. Nxe6 fxe6 28. Bf1 Nh5 29. Nxa4 Nd4 30. Kh1 Nf3 31. gxf3 Ng3+ 32. Kg1 Rxc5 33. Nxc5 Bd4# 0-1

[Variant "Standard"]
[Site "Europe Echecs"]

[Event "Sunway Sitges Chess Festival"]
[Date "2024.12.21"]
[White "Abergel, Thal"]
[Black "Safarov, Deniel"]
[WhiteElo "2411"]
[BlackElo "2319"]
[Round "5.11"]
[Result "1-0"]
[TimeControl "40/5400+30:1800+30"]

1. Nf3 Nf6 2. g3 b5 3. Bg2 Bb7 4. O-O e6 5. b3 d6 6. c4 b4 7. d4 Be7 8. Nbd2 Nbd7 9.
Qc2 c5 10. Bb2 O-O 11. Rad1 cxd4 12. Bxd4 e5 13. Bb2 Nc5 14. Nh4 Bxg2 15. Nxg2 Qc8 16. Ne3 Re8 17. Nf5 Bf8 18. Rfe1 g6 19. Ne3 Qc6 20. Ndf1 Rad8 21. Nd5 Nxd5 22. Rxd5 f5 23. Red1 Ne6 24. Qd2 Rb8 25. Ne3 Nc5 26. Qc2 a5 27. h4 Rb7 28. h5 Re6 29. Ng2 Rf7 30. Bc1 gxh5 31. Nh4 Ne4 32. Nxf5 Nc3 33. e4 Nxd1 34. Qxd1 Rg6 35. Qxh5 a4 36. Be3 axb3 37. axb3 Qa8 38. Qd1 Qa2 39. Rb5 Rgf6 40. Rb8 h5 41. Kg2 Qa3 42. Qxh5 Qxb3 43. Rxf8+ 1-0

[Variant "Standard"]
[Site "Europe Echecs"]

[Event "Sunway Sitges Chess Festival"]
[Date "2024.12.21"]
[White "Savitha Shri B"]
[Black "Alekseenko, Kirill"]
[WhiteElo "2329"]
[BlackElo "2673"]
[Round "5.12"]
[Result "1/2-1/2"]
[TimeControl "40/5400+30:1800+30"]

1. e4 e5 2. Nf3 Nc6 3. Bc4 Bc5 4. c3 Nf6 5. d4 exd4 6. cxd4 Bb4+ 7. Nbd2 d5 8. exd5 Nxd5 9. O-O O-O 10. a3 Bxd2 11. Bxd2 Nb6 12. Ba2 Be6 13. Bxe6 fxe6 14. Qe2 Qd5 15. Bc3 Rae8 16. Rfe1 Qd6 17. Ng5 h6 18. Ne4 Qd8 19. Nc5 Nd5 20. Qg4 b6 21. Nd3 Rf6 22. Re4 Qe7 23. h3 Qf7 24. f4 Rf5 25. Qg3 Nf6 26. Re2 Rd5 27. Qf2 Red8 28. Ne5 Nxe5 29. fxe5 Nd7 30. Qxf7+ Kxf7 31. Rf1+ Kg8 32. Rf4 Nb8 33. Ref2 R5d7 34. Rg4 Kh7 35. h4 Nc6 36. Rff4 Ne7 37. h5 Nd5 38. Rf3 Re8 39. Rg6 Kg8 40. Bd2 Ne7 41. Rxe6 Rxd4 42. Bb4 c5 43. Bc3 Rdd8 44. Rd6 Nd5 45. Rxd8 Rxd8 46. Rd3 Kf7 47. e6+ Kxe6 48. Bxg7 Rg8 49. Bxh6 Rh8 50. Bc1 Rxh5 51. g3 Ke5 52. Kg2 Ke4 53. Rd1 Rh7 54. Re1+ Kd3 55. g4 Kc2 56. Kg3 Re7 57. Rh1 Re4 58. g5 Ne7 59. Kf3 Rc4 60. b4 cxb4 61. axb4 Rxb4 62. Be3 a5 63. Rh7 Ng6 64. Ra7 Ne5+ 65. Kg3 Nc4 66. Bf4 Rb1 67. Kg2 Re1 68. g6 Re6 69. g7 Rg6+ 70. Kf3 b5 71. Ke4 a4 72. Kf5 Rxg7 73. Rxg7 a3 74. Rg2+ Kd3 75. Rg3+ Kd4 76. Be5+ Nxe5 1/2-1/2

[Variant "Standard"]
[Site "Europe Echecs"]

[Event "Sunway Sitges Chess Festival"]
[Date "2024.12.21"]
[White "Domingo Nunez, Alejandro"]
[Black "Moussard, Jules"]
[WhiteElo "2318"]
[BlackElo "2649"]
[Round "5.13"]
[Result "0-1"]
[TimeControl "40/5400+30:1800+30"]

1. e4 c5 2. Nc3 e6 3. Nf3 Nc6 4. d4 cxd4 5. Nxd4 Qc7 6. Be3 a6 7. Bd3 Nf6 8. O-O Ne5 9. h3 b5 10. f4 Nc4 11. Bxc4 Qxc4 12. Qd3 Qc7 13. e5 b4 14. exf6 bxc3 15. fxg7 Bxg7 16. f5 cxb2 17. Rae1 Bb7 18. fxe6 dxe6 19. Nf5 Bf8 20. Re2 Rg8 21. Nh6 Bxh6 22. Bxh6 Qc6 0-1

[Variant "Standard"]
[Site "Europe Echecs"]

[Event "Sunway Sitges Chess Festival"]
[Date "2024.12.21"]
[White "Ilkhomi, Jaloliddin"]
[Black "Gholami Orimi, Mahdi"]
[WhiteElo "2278"]
[BlackElo "2402"]
[Round "5.14"]
[Result "0-1"]
[TimeControl "40/5400+30:1800+30"]

1. Nf3 d5 2. d4 Nf6 3. Bf4 Nh5 4. Bg5 h6 5. Bh4 g5 6. Bg3 Nxg3 7. hxg3 c5 8. e3 Bg7 9. c3 Qb6 10. Qb3 Nc6 11. Nbd2 e6 12. g4 Bd7 13. Qa3 cxd4 14. exd4 O-O-O 15. O-O-O e5 16. Nxe5 Bxe5 17. dxe5 Qxf2 18. Nf3 Bxg4 19.
Bb5 Bxf3 20. gxf3 Nxe5 21. Rd4 Nxf3 22.
Ra4 Kb8 23. Qe7 Qb6 24. Rb4 Qe6 25. Qc5 Rc8 26. Qf2 Ne5 27. Re1 f6 28. Kb1 h5 29. a4 Qd6 30. a5 Nc6 31. Bxc6 Rxc6 32. Qf5 h4 33. Qg6 Qd7 34. Kc1 Qh7 35. Re8+ Kc7 0-1

[Variant "Standard"]
[Site "Europe Echecs"]